 Dungeon Crawl Stone Soup version 0.21.1-1-g345015f (webtiles) character file.

33 bagera06 the Caller (level 3, -5/24 HPs)
             Began as a Barachi Summoner on Apr 8, 2018.
             Slain by a gnoll
             ... wielding a +0 spear
              (6 damage)
             ... on level 2 of the Dungeon.
             The game lasted 00:18:11 (1740 turns).

bagera06 the Caller (Barachi Summoner)              Turns: 1740, Time: 00:18:12

Health: -5/24      AC:  2    Str:  9    XL:     3   Next: 29%
Magic:  1/7        EV: 12    Int: 16    God:
Gold:   87         SH:  0    Dex: 12    Spells: 3/7 levels left

rFire    . . .     SeeInvis .   (no weapon)
rCold    . . .     Gourm    .   (no shield)
rNeg     . . .     Faith    .   a - +0 robe
rPois    .         Spirit   .   (no helmet)
rElec    .         Reflect  .   (no cloak)
rCorr    .         Harm     .   (no gloves)
MR       .....                  (no boots)
Stlth    ++........             (no amulet)
HPRegen  0.08/turn              (no ring)
MPRegen  0.10/turn              (no ring)

@: slow
A: +LOS, swims, slowness 1, strong legs 1
a: Hop


You were on level 2 of the Dungeon.
You were not hungry.

You visited 1 branch of the dungeon, and saw 2 of its levels.

You collected 87 gold pieces.

Inventory:

Armour
 a - a +0 robe (worn)
Jewellery
 e - an uncursed ring of magical power {unknown}
Scrolls
 d - a scroll of teleportation {unknown}
 f - a scroll of identify {unknown}
 h - a scroll of fear {unknown}
 i - a scroll of remove curse {unknown}
Potions
 g - a potion of flight {unknown}
Books
 b - a book of Callings

   Spells                             Type                      Level
   a - Summon Small Mammal            Summoning                    1
   b - Call Imp                       Summoning                    2
   c - Call Canine Familiar           Summoning                    3
   d - Summon Guardian Golem          Hexes/Summoning              3
   e - Summon Lightning Spire         Summoning/Air                4
   f - Summon Ice Beast               Ice/Summoning                4
Comestibles
 c - 2 rations


   Skills:
 + Level 2.1 Dodging
 + Level 1.8 Stealth
 + Level 0.1 Unarmed Combat
 + Level 2.8 Spellcasting
 + Level 5.6 Summonings


You had 3 spell levels left.
You knew the following spells:

 Your Spells              Type           Power        Failure   Level  Hunger
a - Summon Small Mammal   Summ           ###.         1%          1    #......
b - Call Canine Familiar  Summ           ###.....     5%          3    ###....


Dungeon Overview and Level Annotations

Branches:
Dungeon (2/15)

Altars:


Innate Abilities, Weirdness & Mutations

Shadows flee at your approach. (+LOS)
You can swim through water.
You cover ground slowly.
You can hop short distances.


Message History

Confirm with . or Enter, or press ? or * to list all spells.
Your bat closely misses the gnoll.
You swap places.
Your bat hits the gnoll but does no damage. x2
The gnoll barely misses your bat.
You swap places.
Your bat hits the gnoll. The gnoll barely misses your bat.
Your bat barely misses the gnoll.
The gnoll misses your bat. The gnoll closely misses you.
Your bat hits the gnoll but does no damage.
The gnoll barely misses your bat.
Your bat hits the gnoll.
Your bat hits the gnoll but does no damage.
Your bat misses the gnoll. The gnoll closely misses your bat.
The gnoll hits you from afar with a spear.
* * * LOW HITPOINT WARNING * * *
The gnoll hits your bat with a spear.
Your bat dies!
Your bat's corpse disappears in a puff of smoke!
The gnoll shouts!
The gnoll hits you from afar with a spear.
You die...

#.# ########.####
#...........#
#..<#.......#
#########)###.).#
........[.#.....#
###.############g#...#
..........gg§rh..#.#.#
###.###########.@..#.#
#.....)......#
#.....#.######
#########.#.#
+.........#.#
###########.# #......#
#.###### #.#.).#


You could see 3 gnolls, a friendly hound and a friendly rat.

Vanquished Creatures
  A goblin (D:1)
  A hobgoblin (D:1)
  3 frilled lizards
  A rat (D:1)
6 creatures vanquished.

Vanquished Creatures (collateral kills)
  A gnoll (D:2)
  A dart slug (D:1)
  2 leopard geckos (D:1)
  2 giant cockroaches (D:1)
  6 goblins
  8 hobgoblins
  4 kobolds (D:1)
  A frilled lizard (D:1)
  2 rats (D:1)
27 creatures vanquished.

Grand Total: 33 creatures vanquished

Notes
Turn   | Place    | Note
-------+----------+-------------------------------------------
     0 | D:1      | bagera06 the Barachi Summoner began the quest for the Orb.
     0 | D:1      | Reached XP level 1. HP: 13/13 MP: 3/3
    43 | D:1      | Reached skill level 5 in Summonings
   355 | D:1      | Reached XP level 2. HP: 19/19 MP: 1/5
  1134 | D:1      | Reached XP level 3. HP: 16/24 MP: 4/6
  1387 | D:1      | Learned a level 3 spell: Call Canine Familiar
  1739 | D:2      | HP: 1/24 [gnoll/spear (5)]
  1740 | D:2      | Slain by a gnoll

Skill      XL: |  1 |
---------------+----+-----
Summonings     | 5 |  5.6
Dodging        | |  2.1
Stealth        | |  1.8
Unarmed Combat | |  0.1
Spellcasting   | |  2.8

Action                   || total
-------------------------++-------
Melee: Unarmed           ||    72
 Cast: Summon Small Mamm ||    44
       Call Canine Famil ||     4
  Eat: Chunk             ||     4
Armor: Robe              ||    10
Dodge: Dodged            ||    56
